 Dungeon Crawl Stone Soup version 0.31-a0-523-g071a6c1ffa (console) character file.

Game seed: 2715556189682301070

4 Lexodia the Vexing (level 1, 0/13 HPs)
             Began as a Vampire Enchanter on Aug 11, 2023.
             Slain by a hobgoblin (5 damage)
             ... on level 1 of the Dungeon.
             The game lasted 00:00:37 (49 turns).

Lexodia the Vexing (Vampire Enchanter)                Turns: 49, Time: 00:00:37

Health: 0/13       AC:  2    Str:  7    XL:     1   Next: 50%
Magic:  3/3        EV: 12    Int: 17    God:
Gold:   0          SH:  0    Dex: 14    Spells: 4/4 levels left

rFire   . . .        a - +1 dagger
rCold   . . .        (no shield)
rNeg    . . .        b - +0 robe
rPois   .            (no helmet)
rElec   .            (no cloak)
rCorr   .            (no gloves)
SInv    +            (no boots)
Will    .....        (no amulet)
Stlth   +++          (no ring)
HPRegen 0.42/turn    (no ring)
MPRegen 0.08/turn

%: no passive effects
@: healing quickly
A: alive, fangs 3, see invisible, vampiric 1
a: Exsanguinate


You were on level 1 of the Dungeon.
You visited 1 branch of the dungeon, and saw 1 of its levels.

Inventory:

Hand Weapons
 a - a +1 dagger (weapon)
Armour
 b - a +0 robe (worn)
Potions
 c - 2 potions of invisibility


   Skills:
 * Level 1.4 Short Blades
 - Level 2.1 Dodging
 + Level 4.5 Stealth
 - Level 2.0 Spellcasting
 + Level 4.5 Hexes


You had 4 spell levels left.
You didn't know any spells.
Your spell library contained the following spells:

 Spells                   Type           Power      Damage    Failure   Level
 Confusing Touch          Hex            17%        N/A       9%          3
 Tukima's Dance           Hex            17%        N/A       9%          3
 Ensorcelled Hibernation  Hex/Ice        18%        N/A       12%         2
 Dazzling Flash           Conj/Hex       18%        N/A       22%         3


Dungeon Overview and Level Annotations

Branches:
Dungeon (1/15)

Altars:

Annotations:
D:1 1 transporter


Innate Abilities, Weirdness & Mutations

Your natural rate of healing is accelerated.
You have razor-sharp teeth.
You have supernaturally acute eyesight. (SInv)
You are afflicted with vampirism.


Message History

You hit the dart slug but do no damage. You bite the dart slug.
You kill the dart slug!
A hobgoblin comes into view.
The endoplasm attacks as you move away! The endoplasm hits you.
The endoplasm attacks as you move away!
The endoplasm hits you but does no damage.
The hobgoblin shouts!
You hear a shout!
You hear an angry hiss.
The endoplasm attacks as you move away! The endoplasm barely misses you.
A goblin comes into view. It is wielding a +0 club.
The endoplasm freezes you.
You are frozen.
The endoplasm attacks as you move away!
The endoplasm hits you but does no damage.
The endoplasm attacks as you move away! The endoplasm closely misses you.
The endoplasm attacks as you move away! The endoplasm barely misses you.
The endoplasm attacks as you move away! The endoplasm closely misses you.
The endoplasm attacks as you move away! The endoplasm closely misses you.
You hit the endoplasm.
The endoplasm is heavily wounded.
The endoplasm freezes you.
You are frozen.
Huge Dmg: -16%(-2hp) hp: 54%(7hp)
You barely miss the endoplasm.
The endoplasm is heavily wounded.
The endoplasm hits you.
You hit the endoplasm but do no damage.
The endoplasm is heavily wounded.
The hobgoblin barely misses you. The endoplasm freezes you.
You are frozen.
Huge Dmg: -23%(-3hp) hp: 31%(4hp)
The hobgoblin attacks as you move away! The hobgoblin completely misses you.
You hit the endoplasm.
The endoplasm is almost dead.
The endoplasm hits you but does no damage.
The hobgoblin misses you.
You hit the endoplasm.
You kill the endoplasm!
The hobgoblin hits you.
You die...

#. ..# .. ## ..# ..#.#
g# . #..# .....# .###
##. ...## ... ... ... .
... ..©##.. ..#
##.###... #.# #####
#.###........
..##########.##...###.#
#.#©##@...#.#........#
#<#.##g.........#####
#.#.#.##..#.###..#
##.#.#.##.#.# #..#
#.##.#.#...# #..# ..
#.#.###.###..###### ###
#.#.###..........g.
#.#...[.###..#####.
#.#####.###..#


You could see a hobgoblin.

Vanquished Creatures
  A dart slug (D:1)
  2 endoplasms (D:1)
3 creatures vanquished.

Notes
Turn   | Place    | Note
-------+----------+-------------------------------------------
     0 | D:1      | Lexodia the Vampire Enchanter began the quest for the Orb.
     0 | D:1      | Reached XP level 1. HP: 13/13 MP: 3/3
    23 | D:1      | Huge Dmg: 5 dmg
    25 | D:1      | Huge Dmg: 4 dmg
    44 | D:1      | Huge Dmg: 2 dmg
    47 | D:1      | Huge Dmg: 3 dmg
    49 | D:1      | Slain by a hobgoblin

Illustrated notes

Levels and vault maps discovered:
D:1:      spicycebolla_arrival_risky_transporter, layout_loops_ring,
          minmay_split_cup_large

Action                     || total
---------------------------++-------
  Melee: Dagger            ||    13
         Bite              ||     1
   Stab: Sleeping          ||     1
 Armour: Robe              ||     4
  Dodge: Dodged            ||     9

Table legend: (Time is in decaauts)
 A = Elapsed time spent in this place.
 B = Non-inter-level travel time spent in this place.
 C = Inter-level travel time spent in this place.
 D = Time resting spent in this place.
 E = Time spent auto-exploring this place.
 F = Levels seen in this place.
 G = Mean time per level.
                   A        B        C        D        E       F      G
               +--------+--------+--------+--------+--------+-----+--------+
         Total |     48 |     48 |      0 |      0 |     11 |   1 |   48.0 |
       Dungeon |     48 |     48 |      0 |      0 |     11 |   1 |   48.0 |
               +--------+--------+--------+--------+--------+-----+--------+

Top non-repeatable levels by time:
     D:1: 48 daAuts
